AoeStats
← mathewmelo2215

Black Forest

510238651Analyzed
2v2 RM · 9h ago on Sep 30, 2026· 60m 10s· 4 players
Game mode
Random Map
Map size
Medium (4 player)
Population
200
Speed
Normal
Resources
Standard
Victory
Conquest
Starting age
Dark Age
Ending age
Imperial Age
RankedLock teamsTeams togetherTeam positionsShared explorationLock speedFull tech treeHidden civsTurbo modeCheats
Victory
Defeat
🇲🇽 Franks · Mexico
506
+13
🇵🇪 Goths · Peru
482
+15
🇨🇦 Goths · Canada
455
-14
🇨🇦 Sicilians · Canada
439
-14
Snakedark5652
0:45 Loom
17:41 Feudal Age
19:17 Wheelbarrow
18:26 Horse Collar
18:35 Double-Bit Axe
18:44 Stone Mining
18:44 Gold Mining
24:39 Castle Age
26:50 Caravan
27:21 Coinage
27:09 Hand Cart
27:32 Bow Saw
30:24 Imperial Age
28:36 Heavy Plow
29:19 Treadmill Crane
31:37 Forging
31:48 Guilds
32:12 Banking
32:36 Murder Holes
33:27 Conscription
34:32 Scale Mail Armor
35:08 Iron Casting
34:35 Town Watch
35:29 Stone Shaft Mining
35:27 Crop Rotation
36:20 Two-Man Saw
36:03 Town Patrol
37:45 Chain Mail Armor
38:33 Blast Furnace
37:41 Perfusion
38:54 Pikeman
39:35 Squires
38:56 Man-at-Arms
39:42 Anarchy
40:09 Elite Huskarl
40:16 Long Swordsman
42:56 Padded Archer Armor
42:46 Fletching
43:02 Scale Barding Armor
44:07 Chemistry
43:27 Ballistics
42:33 Two-Handed Swordsman
42:37 Halberdier
45:22 Leather Archer Armor
45:04 Bodkin Arrow
45:33 Chain Barding Armor
45:23 Champion
45:32 Elite Skirmisher
45:34 Crossbowman
48:25 Bracer
48:56 Ring Archer Armor
49:08 Ring Archer Armor
48:56 Masonry
jose.rodarte
0:42 Loom
14:01 Feudal Age
19:12 Wheelbarrow
23:22 Stone Mining
23:22 Gold Mining
29:58 Castle Age
30:45 Town Watch
31:18 Double-Bit Axe
32:32 Gold Shaft Mining
32:11 Town Patrol
35:52 Caravan
41:47 Imperial Age
39:33 Hand Cart
41:53 Fervor
41:31 Treadmill Crane
41:47 Murder Holes
42:03 Fortified Wall
42:15 Ballistics
42:05 Masonry
43:17 Conscription
43:10 Chivalry
43:46 Hoardings
42:40 Cavalier
42:42 Light Cavalry
43:24 Husbandry
43:36 Forging
43:26 Scale Mail Armor
43:31 Scale Barding Armor
43:26 Padded Archer Armor
43:16 Fletching
43:13 Gambesons
43:29 Squires
43:14 Arson
43:59 Bow Saw
45:27 Iron Casting
47:08 Chemistry
46:40 Architecture
46:35 Chain Mail Armor
46:40 Chain Barding Armor
46:41 Leather Archer Armor
46:04 Paladin
47:30 Guard Tower
48:16 Plate Mail Armor
47:41 Bodkin Arrow
49:30 Blast Furnace
49:06 Plate Barding Armor
48:26 Bodkin Arrow
50:06 Plate Barding Armor
DonHisHead
12:38 Feudal Age
15:00 Wheelbarrow
14:51 Horse Collar
16:16 Double-Bit Axe
23:10 Fishing Lines
27:00 Castle Age
25:22 Gold Mining
26:08 Stone Mining
28:24 Gambesons
28:01 Pikeman
31:28 Hand Cart
32:34 Squires
32:06 Man-at-Arms
35:08 Ballistics
35:02 Long Swordsman
39:08 Imperial Age
36:58 Scale Mail Armor
37:11 Scale Barding Armor
37:25 Forging
37:43 Heavy Plow
41:24 Loom
41:58 Two-Handed Swordsman
41:58 Halberdier
42:01 Elite Serjeant
44:26 Champion
46:53 First Crusade
49:43 Cavalier
50:26 Husbandry
50:39 Bloodlines
mathewmelo2215
11:03 Feudal Age
13:25 Wheelbarrow
12:43 Double-Bit Axe
15:47 Horse Collar
16:36 Scale Mail Armor
17:36 Forging
21:27 Castle Age
20:05 Man-at-Arms
21:16 Fletching
21:34 Elite Skirmisher
21:41 Long Swordsman
22:22 Squires
23:52 Bodkin Arrow
24:15 Chain Mail Armor
32:49 Iron Casting
32:17 Padded Archer Armor
39:17 Imperial Age
37:34 Ballistics
39:19 Anarchy
38:53 Pikeman
40:42 Perfusion
40:05 Elite Huskarl
42:54 Chemistry
41:31 Halberdier
45:30 Murder Holes
Connection lost

Rejoining the realm…

Still unreachable

The connection could not be restored.

Session expired

The server has moved on; the page needs a fresh start.